 Dungeon Crawl Stone Soup version 0.31-a0-538-gbc85326fa9 (webtiles) character file.

Game seed: 8351761304671476507

851 MackTheKnife the Ruffian (level 7, -1/63 HPs)
             Began as a Purple Draconian Shapeshifter on Aug 14, 2023.
             Was a Priest of Kikubaaqudgha.
             Killed from afar by Dowan (15 damage)
             ... with a shard of ice
             ... on level 5 of the Dungeon.
             The game lasted 00:05:00 (3890 turns).

MackTheKnife the Ruffian (DrSh)                     Turns: 3890, Time: 00:05:00

Health: -1/63      AC:  6    Str: 17    XL:     7   Next: 69%
Magic:  7/7        EV: 13    Int:  8    God:    Kikubaaqudgha [***...]
Gold:   239        SH:  0    Dex: 20    Spells: 6/6 levels left

rFire   . .          .
                       - Unarmed
rCold   . . .        (no shield)
rNeg    . . .        (body armour unavailable)
rPois   .            (helmet currently unavailable)
rElec   .            (cloak currently unavailable)
rCorr   .            (gloves currently unavailable)
SInv    .            (boots currently unavailable)
Will    +....        (no amulet)
Stlth   ++           m - +6 ring of dexterity
HPRegen 0.30/turn    (no ring)
MPRegen 0.10/turn

%: no passive effects
@: short of breath, beast-form
A: beast (slay +2), breathe power, AC +6, unfitting armour, cold-blooded
a: Breathe Dispelling Energy, Begin Untransformation, Renounce Religion, Unearth
Wretches


You were on level 5 of the Dungeon.
You worshipped Kikubaaqudgha.
Kikubaaqudgha was most pleased with you.
You were a hulking beast.
You visited 1 branch of the dungeon, and saw 5 of its levels.

You collected 259 gold pieces.
You spent 20 gold pieces at shops.


Innate Abilities, Weirdness & Mutations

You are a hulking beast.
Your limbs bulge with bestial killing power. (Slay +2)
You can breathe bolts of dispelling energy.
Your rich purple scales are hard. (AC +6)
You cannot fit into any form of body armour.
You are cold-blooded and may be slowed by cold attacks.


   Skills:
 - Level 6.0 Fighting
 + Level 2.9 Dodging
 - Level 7.0 Unarmed Combat
 - Level 3.0 Shapeshifting


You had 6 spell levels left.
You didn't know any spells.
Your spell library contained the following spells:

 Spells                   Type           Power      Damage    Failure   Level
 Kiss of Death            Conj/Necr      0%         2d5       41%         1
 Necrotise                Necr           0%         1d4       41%         1
 Sting                    Tmut/Pois      0%         1d3       41%         1
 Cigotuvi's Dreadful Rot  Necr/Pois/Air  0%         N/A       54%         2
 Poisonous Vapours        Pois/Air       0%         N/A       54%         2
 Sublimation of Blood     Necr           0%         N/A       54%         2
 Wereblood                Tmut           0%         N/A       54%         2
 Stone Arrow              Conj/Erth      0%         3d7       78%         3
 Vhi's Electric Charge    Tloc/Air       0%         N/A       78%         3
 Anguish                  Hex/Necr       0%         N/A       99%         4
 Olgreb's Toxic Radiance  Pois           0%         N/A       99%         4
 Arcjolt                  Conj/Air       0%         1d10      100%        5
 Borgnjor's Vile Clutch   Necr/Erth      0%         N/A       100%        5
 Irradiate                Conj/Tmut      0%         3d11      100%        5
 Death Channel            Necr           0%         N/A       100%        6
 Plasma Beam              Fire/Air       0%         2x1d10    100%        6
 Simulacrum               Ice/Necr       0%         N/A       100%        6
 Lehudib's Crystal Spear  Conj/Erth      0%         10d2      100%        8
 Animate Armour           Summ/Erth      Unusable   N/A       N/A         4

Inventory:

Armour
 p - a +0 pair of gloves
   (You found it on level 4 of the Dungeon)
Jewellery
 m - a +6 ring of dexterity (left hand)
   (You found it on level 3 of the Dungeon)
Talismans
 b - a beast talisman (active)
 c - a flux talisman
Wands
 r - a wand of quicksilver (8)
   (You found it on level 4 of the Dungeon)
Scrolls
 f - 3 scrolls of teleportation {@r4}
 g - 2 scrolls of silence {unknown}
 h - a scroll of enchant armour {unknown}
 k - 2 scrolls of revelation {unknown}
 n - 2 scrolls of fog {unknown}
 o - a scroll of blinking {unknown}
 s - a scroll of torment {unknown}
Potions
 a - a potion of lignification {!q}
 d - 5 potions of heal wounds {@q2}
 e - 3 potions of brilliance
 i - 2 potions of curing {unknown}
 j - 3 potions of enlightenment {unknown}
 l - a potion of might {unknown}
 q - a potion of attraction {unknown}

Dungeon Overview and Level Annotations

Branches:
Dungeon (5/15) Zot: 26132
 Temple: D:4-7

Altars:
Cheibriados
Kikubaaqudgha

Shops:
D:1 ?[   D:3 =

Annotations:
D:5 Dowan

......#
...%..######
............
#...........#
#...........#
...........#
#..........#
#..........#
#.h........#
##e.....##
#......# #......#
#......# #......#
#......###########
#....>..)......^..
#.....######......


You could see Dowan (fast).


Message History

You now have 239 gold pieces (gained 7).
Items here: ) [ รทรท.
An orc is nearby!
An orc is nearby!
An orc is nearby!
An orc is nearby!
No target in view!
No target in view!
The orc closely misses you.
You punch the orc!
You kill the orc!
Kikubaaqudgha accepts your kill.
Aiming: Breathe Dispelling Energy (5% risk of failure)
Press: ? - help, Shift-Dir - straight line, f - orc priest
Aim: an orc priest, wielding a +0 hand axe (53% to hit)
You breathe a bolt of dispelling energy.
The bolt of dispelling energy hits the orc priest!
Duvessa shouts!
The orc priest invokes the aid of Beogh against you.
Pain shoots through your body! ๐Ÿ˜• HP[-3]
You take 3 damage, and now have 60/63 hp.
The orc priest hits you but does no damage. ๐Ÿ˜• HP[+1]
You barely miss the orc priest. You tail-slap the orc priest.
The orc priest barely misses you.
You punch the orc priest!
You kill the orc priest!
Kikubaaqudgha accepts your kill.
Dowan casts a spell.
Dowan blinks!
Training target 7.0 for Unarmed Combat reached!
Your Unarmed Combat skill increases to level 7!
You need to enable at least one skill for training.
Duvessa attacks as you move away! Duvessa hits you but does no damage.
Duvessa attacks as you move away!
Duvessa hits you with a +0 short sword. ๐Ÿ˜• HP[-2]
You take 2 damage, and now have 59/63 hp.
Duvessa attacks as you move away! Duvessa misses you.
Duvessa says, "Practise, practise, practise!
One day you'll be as good as me." ๐Ÿ˜• HP[+1]
You punch Duvessa!
Duvessa hits you with a +0 short sword! ๐Ÿ˜• HP[-9]
You take 9 damage, and now have 51/63 hp.
You hit Duvessa.
You tail-slap Duvessa, but do no damage.
Duvessa hits you with a +0 short sword. ๐Ÿ˜ฎ HP[-6]
You take 6 damage, and now have 45/63 hp.
You punch Duvessa!
Duvessa hits you with a +0 short sword! ๐Ÿ˜ฎ HP[-8]
You take 8 damage, and now have 37/63 hp.
You hit Duvessa but do no damage. You closely miss Duvessa.
Duvessa says, "Where magic fails, the sword succeeds!"
Duvessa hits you with a +0 short sword!
* * * LOW HITPOINT WARNING * * *
๐Ÿ˜จ HP[-10]
You take 10 damage, and now have 27/63 hp.
You hit Duvessa but do no damage. You tail-slap Duvessa.
Duvessa hits you with a +0 short sword.
* * * LOW HITPOINT WARNING * * *
๐Ÿ˜จ HP[-6]
You take 6 damage, and now have 21/63 hp.
You hit Duvessa. Duvessa closely misses you.
You hit Duvessa but do no damage.
You have got your breath back.
Duvessa hits you with a +0 short sword.
* * * LOW HITPOINT WARNING * * *
You hit Duvessa.
You tail-slap Duvessa, but do no damage.
Duvessa hits you with a +0 short sword.
* * * LOW HITPOINT WARNING * * *
๐Ÿ˜จ HP[-1]
You take 1 damage, and now have 20/63 hp.
You closely miss Duvessa.
You tail-slap Duvessa, but do no damage.
Duvessa hits you with a +0 short sword!
* * * LOW HITPOINT WARNING * * *
๐Ÿ˜ฑ HP[-9]
You take 9 damage, and now have 11/63 hp.
Aiming: Breathe Dispelling Energy (5% risk of failure)
Press: ? - help, Shift-Dir - straight line, f - Duvessa
Aim: Duvessa, wielding a +0 short sword and wearing a +0 scale mail (almost dead, 65% to hit)
You breathe a bolt of dispelling energy.
The bolt of dispelling energy hits Duvessa.
You kill Duvessa!
Kikubaaqudgha accepts your kill.
You hear a distant wail of despair.
Your Dodging skill increases to level 2! ๐Ÿ˜ฑ HP[+1] Dowan seems to find hidden reserves of power! ๐Ÿ˜ฑ HP[+1] ๐Ÿ˜ฑ HP[+1]
You can't go up here!
There is a stone staircase leading up here.
Dowan casts a spell at you. The shard of ice hits you!
You die...
Kikubaaqudgha rasps: "You have failed me!
Welcome... death!"

Skill      XL: |  1  2  3  4  5  6  7 |
---------------+----------------------+-----
Fighting       | 2 3 4 5 6 |  6.0
Unarmed Combat | 4 5 6 7 |  7.0
Dodging        | 2 |  2.9
Shapeshifting  | |  3.0

Action                     |  1- 3 |  4- 6 |  7- 9 || total
---------------------------+-------+-------+-------++-------
  Melee: Unarmed           |    84 |   161 |    42 ||   287
         Tailslap          |     9 |    23 |    12 ||    44
         Punch             |     1 |     3 |       ||     4
Ability: Breathe Dispellin |       |       |     2 ||     2
    Use: Scroll            |     1 |     2 |       ||     3
   Stab: Sleeping          |     2 |     5 |     1 ||     8
 Armour: Skin              |    10 |    40 |    13 ||    63
  Dodge: Dodged            |    47 |   106 |    25 ||   178

Levels and vault maps discovered:
D:1:      kennysheep_arrival_forest, layout_rooms, serial_shops, shop, shop
D:2:      layout_basic, shapermc_ecumenical_altar_venn
D:3:      minmay_bubble_buster, layout_basic, serial_shops,
          nicolae_shop_tiny_real_fake_doors, minmay_quadrilaterals
D:4:      layout_loops_ring, general_overflow_altar
D:5:      kennysheep_windowed_halls, layout_basic, uniq_duvessa

Notes
Turn   | Place    | Note
-------+----------+-------------------------------------------
     0 | D:1      | MackTheKnife the Draconian Shapeshifter began the quest for
                  | the Orb.
     0 | D:1      | Reached XP level 1. HP: 16/16 MP: 1/1
     0 | D:1      | magus.rc [v1.9.6]
    30 | D:1      | HP: 4/16 [quokka (1)]
   139 | D:1      | You pick up a book of Lightning and begin reading...
   139 | D:1      | You add the spells Vhi's Electric Charge, Arcjolt and
                  | Plasma Beam to your library.
   147 | D:1      | Found Jeasaaz's Armour Emporium.
   264 | D:1      | Reached XP level 2. HP: 22/24 MP: 2/2
   272 | D:1      | Found Ybloiczuzy's Magic Scroll Shoppe.
   282 | D:1      | Bought a scroll of identify for 20 gold pieces
   398 | D:1      | Reached skill level 2 in Fighting
   668 | D:2      | Found a faded altar of an unknown god.
   671 | D:2      | Reached XP level 3. HP: 29/30 MP: 3/3
   724 | D:2      | You add the spells Sting, Poisonous Vapours and Olgreb's
                  | Toxic Radiance to your library.
   792 | D:2      | Prayed at the altar of an unknown god.
   792 | D:2      | Became a worshipper of Kikubaaqudgha
   792 | D:2      | Reached * piety under Kikubaaqudgha
   792 | D:2      | You add the spells Kiss of Death, Necrotise, Cigotuvi's
                  | Dreadful Rot and Sublimation of Blood to your library.
   792 | D:2      | Received a gift from Kikubaaqudgha
   963 | D:2      | Reached skill level 3 in Fighting
  1134 | D:2      | Reached skill level 4 in Unarmed Combat
  1181 | D:2      | Reached XP level 4. HP: 35/38 MP: 4/4
  1598 | D:3      | Reached ** piety under Kikubaaqudgha
  1640 | D:3      | Found Byget's Jewellery Shoppe.
  1843 | D:3      | Reached XP level 5. HP: 46/46 MP: 5/5
  2179 | D:3      | Reached skill level 4 in Fighting
  2196 | D:3      | Reached skill level 5 in Unarmed Combat
  2405 | D:4      | You pick up a book of Changes and begin reading...
  2405 | D:4      | You add the spells Wereblood and Irradiate to your library.
  2576 | D:4      | Reached XP level 6. HP: 49/55 MP: 6/6
  2613 | D:4      | You pick up a book of Armaments and begin reading...
  2613 | D:4      | You add the spells Stone Arrow and Lehudib's Crystal Spear
                  | to your library.
  2648 | D:4      | Reached skill level 5 in Fighting
  2836 | D:4      | Found a snail-covered altar of Cheibriados.
  2938 | D:4      | Reached *** piety under Kikubaaqudgha
  2938 | D:4      | You add the spells Anguish, Borgnjor's Vile Clutch, Death
                  | Channel and Simulacrum to your library.
  2938 | D:4      | Received a gift from Kikubaaqudgha
  3161 | D:5      | Entered Level 5 of the Dungeon
  3221 | D:5      | Reached skill level 6 in Unarmed Combat
  3221 | D:5      | Your scales start taking on a rich purple colour.
  3221 | D:5      | Reached XP level 7. HP: 54/62 MP: 7/7
  3277 | D:5      | Reached skill level 6 in Fighting
  3477 | D:5      | Noticed Duvessa
  3592 | D:5      | Noticed Dowan
  3596 | D:5      | HP: 14/63 [something (4)]
  3602 | D:5      | HP: 5/63 [something/magic dart (6)]
  3862 | D:5      | Reached skill level 7 in Unarmed Combat
  3879 | D:5      | HP: 11/63 [Duvessa/+0 short sword (9)]
  3880 | D:5      | Killed Duvessa
  3881 | D:5      | Reached skill level 2 in Dodging
  3890 | D:5      | Killed from afar by Dowan

Vanquished Creatures
  Duvessa (D:5)
  A water moccasin (D:5)
  A black bear (D:5)
  2 scorpions
  3 orc priests
  2 hounds (D:4)
  An iguana (D:5)
  2 orc wizards
  5 gnolls
  5 adders
  An ufetubus (D:5)
  A worm (D:3)
  5 dart slugs
  12 orcs
  3 bats
  10 endoplasms
  2 giant cockroaches
  8 goblins
  3 hobgoblins
  3 jackals (D:3)
  4 quokkas
  9 ball pythons
  5 frilled lizards
  12 kobolds
  6 rats
107 creatures vanquished.

Table legend:
 A = Non-vault XP
 B = Vault XP
 C = Vault XP percentage of total XP
 D = Non-vault monster count
 E = Vault monster count
 F = Vault count percentage of total count
                 A         B        C        D         E       F
            +---------+---------+-------+---------+---------+-------
      Total |     952 |     265 |  21.8 |      91 |      16 |  15.0
            +---------+---------+-------+---------+---------+-------
        D:1 |      36 |       0 |   0.0 |      14 |       0 |   0.0
        D:2 |      79 |       0 |   0.0 |      26 |       0 |   0.0
        D:3 |      72 |     120 |  62.5 |      18 |      15 |  45.5
        D:4 |     334 |       0 |   0.0 |      23 |       0 |   0.0
        D:5 |     431 |     145 |  25.2 |      10 |       1 |   9.1
            +---------+---------+-------+---------+---------+-------

Skill      XL: |  1  2  3  4  5  6  7 |
---------------+----------------------+-----
Fighting       | 2 3 4 5 6 |  6.0
Unarmed Combat | 4 5 6 7 |  7.0
Dodging        | 2 |  2.9
Shapeshifting  | |  3.0

Action                     |  1- 3 |  4- 6 |  7- 9 || total
---------------------------+-------+-------+-------++-------
  Melee: Unarmed           |    84 |   161 |    42 ||   287
         Tailslap          |     9 |    23 |    12 ||    44
         Punch             |     1 |     3 |       ||     4
Ability: Breathe Dispellin |       |       |     2 ||     2
    Use: Scroll            |     1 |     2 |       ||     3
   Stab: Sleeping          |     2 |     5 |     1 ||     8
 Armour: Skin              |    10 |    40 |    13 ||    63
  Dodge: Dodged            |    47 |   106 |    25 ||   178

Illustrated notes

Table legend:
 A = Kills in this place as a percentage of kills in the entire game.
 B = Kills by you in this place as a percentage of kills by you in the entire game.
 C = Kills by friends in this place as a percentage of kills by friends in the entire game.
 D = Other kills in this place as a percentage of other kills in the entire game.
 E = Experience gained in this place as a percentage of experience gained in the entire game.
 F = Experience gained in this place divided by the number of levels of this place that you have seen.
                   A       B       C       D       E      F
               +-------+-------+-------+-------+-------+----------------------
         Total | 100.0 | 100.0 |   N/A |   N/A | 100.0 | 243.4
       Dungeon | 100.0 | 100.0 |   N/A |   N/A | 100.0 | 243.4
               +-------+-------+-------+-------+-------+----------------------

Table legend: (Time is in decaauts)
 A = Elapsed time spent in this place.
 B = Non-inter-level travel time spent in this place.
 C = Inter-level travel time spent in this place.
 D = Time resting spent in this place.
 E = Time spent auto-exploring this place.
 F = Levels seen in this place.
 G = Mean time per level.
                   A        B        C        D        E       F      G
               +--------+--------+--------+--------+--------+-----+--------+
         Total |   3866 |   3639 |    227 |    682 |   2318 |   5 |  773.2 |
       Dungeon |   3866 |   3639 |    227 |    682 |   2318 |   5 |  773.2 |
               +--------+--------+--------+--------+--------+-----+--------+

Top non-repeatable levels by time:
     D:4: 1115 daAuts
     D:3: 920 daAuts
     D:2: 704 daAuts
     D:1: 634 daAuts
     D:5: 492 daAuts
